 Dungeon Crawl Stone Soup version 0.30-a0-652-gcc886f7154 (webtiles) character file.

Game seed: 13394483991551557653

51872 flotson the Fighter (level 14, -4/99 HPs)
             Began as a Demonspawn Delver on Jan 17, 2023.
             Was the Champion of Hepliaklqana.
             Slain by Egife's ghost (22 damage)
             ... on level 4 of the Lair of Beasts.
             The game lasted 00:36:09 (17771 turns).

flotson the Fighter (Demonspawn Delver)            Turns: 17771, Time: 00:36:09

Health: -4/99      AC: 18    Str: 24    XL:     14   Next: 25%
Magic:  0/20       EV: 20    Int: 14    God:    Hepliaklqana [******]
Gold:   929        SH: 11    Dex: 19    Spells: 13/13 levels left

rFire   x . .      SeeInvis .    a - +0 broad axe
rCold   . . .      Faith    .    O - +0 kite shield
rNeg    . . .      Spirit   +    K - +1 plate armour of Cuoblo {Harm Regen+ Dex+6}
rPois   .          Reflect  .    o - +1 hat {Will+}
rElec   .          Harm     +    q - +0 cloak {rCorr}
rCorr   +          Rampage  .    (gloves unavailable)
Will    ++...                    J - +0 pair of boots Stlth
                                 B - amulet of guardian spirit
HPRegen 1.16/turn                E - +5 ring of evasion
MPRegen 0.34/turn                Q - ring "Biox" {rF- EV+5 Str+8 Dex-3}

@: no status effects
A: reduced essence, claws 3, ignite blood 2, magic regeneration, big brain 1
a: Renounce Religion, Recall Ancestor, Ancestor Identity, Transference, Idealise


You were on level 4 of the Lair of Beasts.
You worshipped Hepliaklqana.
Hepliaklqana was exalted by your worship.
You visited 3 branches of the dungeon, and saw 16 of its levels.

You collected 929 gold pieces.

Inventory:

Hand Weapons
 a - a +0 broad axe (weapon)
 b - a +4 trident of freezing
 s - a +2 war axe of venom
Missiles
 u - 4 javelins
 I - 34 poisoned darts (quivered)
Armour
 m - the +1 robe of Agoraphobia {rF+ rC++ SInv}
   (You found it on level 5 of the Dungeon)

   rF:        It protects you from fire.
   rC:        It greatly protects you from cold.
   SInv:      It lets you see invisible.
 o - a +1 hat of willpower (worn)
 q - a +0 cloak of preservation (worn)
 J - a +0 pair of boots (worn)
 K - the +1 plate armour of Cuoblo (worn) {Harm Regen+ Dex+6}
   (You found it on level 8 of the Dungeon)

   Dex:       It affects your dexterity (+6).
   Regen:     It increases your rate of health regeneration.
   Harm:      It increases damage dealt and taken.
 O - a +0 kite shield (worn)
Jewellery
 l - a ring of see invisible
 n - a ring of flight
 B - an amulet of guardian spirit (around neck)
 E - a +5 ring of evasion (left claw)
 Q - the ring "Biox" (right claw) {rF- EV+5 Str+8 Dex-3}
   (You found it on level 9 of the Dungeon)

   [ring of evasion]

   EV:        It affects your evasion (+5).
   Str:       It affects your strength (+8).
   Dex:       It affects your dexterity (-3).
   rF:        It makes you vulnerable to fire.
 U - a ring of poison resistance
Wands
 f - a wand of iceblast (4)
 g - a wand of digging (2)
 y - a wand of flame (17)
 P - a wand of acid (3)
 T - a wand of paralysis (10)
Scrolls
 c - 2 scrolls of fog
 d - 4 scrolls of magic mapping
 h - 3 scrolls of enchant weapon
 i - a scroll of silence
 t - a scroll of teleportation
 w - a scroll of summoning
 x - a scroll of immolation
 A - 2 scrolls of poison
 C - 3 scrolls of fear
 F - 2 scrolls of vulnerability {unknown}
 N - 3 scrolls of enchant armour {unknown}
Potions
 e - 3 potions of resistance
 j - a potion of lignification
 k - 7 potions of curing
 p - a potion of haste
 r - 2 potions of attraction
 z - 4 potions of invisibility
 H - 3 potions of ambrosia
 L - a potion of cancellation
 R - 2 potions of mutation
 S - a potion of heal wounds
Miscellaneous
 G - a phial of floods
 M - a lightning rod (4/4)


   Skills:
 + Level 10.4 Fighting
 + Level 8.9 Axes
 + Level 8.6 Throwing
 + Level 9.0 Armour
 + Level 9.4 Dodging
 - Level 5.0 Stealth
 + Level 6.4 Shields
 - Level 8.0 Invocations
 + Level 9.8 Evocations


You had 13 spell levels left.
You didn't know any spells.
Your spell library contained the following spells:

 Spells                   Type           Power      Damage    Failure   Level
 Necrotise                Necr           0%         1d4       100%        1
 Scorch                   Fire           0%         2d5       100%        2
 Ozocubu's Armour         Ice            0%         N/A       100%        3
 Portal Projectile        Hex/Tloc       0%         N/A       100%        3
 Stone Arrow              Conj/Erth      0%         3d7       100%        3
 Tukima's Dance           Hex            0%         N/A       100%        3
 Vampiric Draining        Necr           0%         2d6       100%        3
 Animate Armour           Summ/Erth      0%         N/A       100%        4
 Flame Wave               Conj/Fire      0%         2d4       100%        4
 Manifold Assault         Tloc           0%         N/A       100%        4
 Petrify                  Tmut/Erth      0%         N/A       100%        4
 Agony                    Necr           0%         N/A       100%        5
 Blade Hands              Tmut           0%         N/A       100%        5
 Metabolic Englaciation   Hex/Ice        0%         N/A       100%        5
 Dispersal                Tloc           0%         N/A       100%        6
 Simulacrum               Ice/Necr       0%         N/A       100%        6
 Statue Form              Tmut/Erth      0%         N/A       100%        6
 Summon Cactus Giant      Summ           0%         N/A       100%        6
 Disjunction              Tloc           0%         N/A       100%        8
 Lehudib's Crystal Spear  Conj/Erth      0%         10d2      100%        8


Dungeon Overview and Level Annotations

Branches:
Dungeon (10/15)            Temple (1/1) D:5            Lair (5/5) D:9
 Shoals (0/4) Lair:3        Snake (0/4) Lair:2        Slime (0/5) Lair:4
    Orc: D:9-12

Altars:
Ashenzari
Cheibriados
Dithmenos
Fedhas
Gozag
Hepliaklqana
Makhleb
Nemelex Xobeh
Okawaru
Qazlal
Ru
Sif Muna
Trog
Uskayaw
Vehumet
Wu Jian
Xom
Yredelemnul
Jiyva

Annotations:
D:6 Pikel
Lair:4 Egife's ghost, journeyman TrFi


Innate Abilities, Weirdness & Mutations

Your life essence is reduced to manifest your ancestor. (-10% HP)
You have claws for hands.
Your demonic aura often causes spilled blood to erupt in flames.
You regenerate magic rapidly.
You have an unusually large brain. (Int +2)


Message History

Paullus is struck by an arc of lightning!
You are struck by an arc of lightning!
Egife's ghost is struck by an arc of lightning.
Egife's ghost completely resists.
Paullus is struck by an arc of lightning!
Paullus is destroyed!
You are struck by an arc of lightning.
The lightning grounds out.
You hit Egife's ghost but do no damage.
Egife's ghost is almost destroyed.
Egife's ghost casts a spell.
You are struck by an arc of lightning.
Egife's ghost is struck by an arc of lightning.
Egife's ghost resists.
The lightning grounds out.
You closely miss Egife's ghost.
Egife's ghost is almost destroyed.
Egife's ghost whispers, "Everlasting silence awaits you..."
Egife's ghost hits you!
* * * LOW HITPOINT WARNING * * *
You block Egife's ghost's attack.
You closely miss Egife's ghost.
Egife's ghost is almost destroyed.
Egife's ghost casts a spell at you.
The magic dart hits you but does no damage.
You barely miss Egife's ghost.
Egife's ghost is almost destroyed.
You block Egife's ghost's attack.
You completely miss Egife's ghost.
Egife's ghost is almost destroyed.
Egife's ghost hits you.
* * * LOW HITPOINT WARNING * * *
Egife's ghost hits you!
* * * LOW HITPOINT WARNING * * *
You hit Egife's ghost.
Egife's ghost is almost destroyed.
Egife's ghost casts a spell at you.
The magic dart hits you but does no damage.
You hit Egife's ghost.
Egife's ghost is almost destroyed.
Egife's ghost hits you!!
You die...

.....................###
.......................#
.............[..>.....##
............##........#
.....#.#...#####......##
...####..†..# ##.......#
..## #....####......###
.## ##...## #.☼°.[..# ##
#....# ##§@§...# #
##...# ####W###.# ##
#....###.#§§§#### .#
#..†.##..#§§§# .#
#.††.#...#
######..<.....#
...##.......P##
...........###
..........##


You could see Egife's ghost.

Vanquished Creatures
  A catoblepas (D:8)
  Erica (D:8)
  2 two-headed ogres (D:9)
  4 death yaks
  A lindwurm (Lair:5)
  An ugly thing (D:8)
  A manticore (D:9)
  12 elephants
  3 black mambas
  5 komodo dragons
  15 cane toads
  2 rime drakes
  4 meliai
  A troll (D:9)
  4 tyrant leeches (Lair:5)
  15 blink frogs
  A slime creature (Lair:4)
  A shadow (D:10)
  8 wyverns
  A vampire (D:10)
  23 yaks
  6 basilisks
  3 vampire mosquitoes (Lair:5)
  Menkaure (D:6)
  A steam dragon (Lair:2)
  2 nagas (Lair:2)
  9 water moccasins
  Duvessa (D:5)
  4 orc warriors
  4 ice beasts
  2 sky beasts
  7 black bears (D:9)
  An ogre (D:5)
  6 centaurs
  3 phantoms
  3 kobold brigands
  Blork the orc (D:4)
  19 bullfrogs
  A scorpion (D:5)
  2 necrophages (D:6)
  3 gnoll sergeants (D:9)
  10 wights
  Dowan (D:5)
  10 killer bees
  3 howler monkeys
  7 electric eels
  A bullfrog zombie (D:6)
  A bullfrog skeleton (D:6)
  A jelly (Lair:4)
  4 hounds
  Crazy Yiuf (D:2)
  5 orc priests
  A gnoll bouda (D:10)
  6 iguanas
  11 orc wizards
  4 hell rats (Lair:5)
  A bullfrog simulacrum (D:6)
  Robin (D:2)
  3 gnolls
  8 adders
  2 white imps (D:5)
  A worm (D:3)
  27 orcs
  9 endoplasms
  4 giant cockroaches
  20 goblins
  12 hobgoblins
  11 jackals
  16 kobolds
  3 ball pythons (D:4)
  2 frilled lizards
  2 goblin skeletons (D:5)
  2 goblin zombies (D:5)
  3 hobgoblin zombies (D:5)
  A kobold skeleton (D:5)
  3 orc skeletons (D:5)
  8 rats
390 creatures vanquished.

Vanquished Creatures (collateral kills)
  Gastronok (Lair:2)
  A catoblepas (Lair:5)
  A two-headed ogre (D:10)
  2 death yaks (Lair:3)
  A fire crab (Lair:5)
  2 elephants (Lair:4)
  A black mamba (Lair:2)
  8 cane toads
  3 komodo dragons
  A queen bee (Lair:2)
  2 meliai (Lair:2)
  A merfolk (D:9)
  16 blink frogs
  A slime creature (Lair:4)
  A shadow (D:10)
  2 wraiths (D:8)
  A wyvern (Lair:2)
  6 yaks
  2 vampire mosquitoes (Lair:5)
  A naga (Lair:2)
  3 water moccasins
  A spectral hornet (D:6)
  A sky beast (D:8)
  A black bear (Lair:3)
  A kobold brigand (D:9)
  8 bullfrogs
  A gnoll sergeant (D:9)
  5 wights
  11 killer bees (Lair:2)
  4 electric eels (D:9)
  A gnoll bouda (D:9)
  A jelly (Lair:4)
  5 orc wizards
  A gnoll (D:10)
  7 orcs
  9 kobolds (D:9)
114 creatures vanquished.

Vanquished Creatures (others)
  10 battlemagi
  A hell rat (Lair:5)
  An ancestor (D:6)
  A kobold zombie (D:4)
  24 fungi
  126 plants
  19 withered plants (D:6)
182 creatures vanquished.

Grand Total: 686 creatures vanquished

Notes
Turn   | Place    | Note
-------+----------+-------------------------------------------
     0 | D:5      | flotson the Demonspawn Delver began the quest for the Orb.
     0 | D:5      | Reached XP level 1. HP: 18/18 MP: 1/1
    16 | D:5      | Found a hide-covered altar of Uskayaw.
    17 | D:5      | Found a bloodstained altar of Trog.
    17 | D:5      | Noticed an iguana
    17 | D:5      | Noticed a wight
    17 | D:5      | Noticed a wight
    86 | D:4      | Noticed an orc wizard
    88 | D:4      | Noticed an orc wizard
    90 | D:4      | Noticed a hound
   192 | D:2      | Found a runed translucent door.
   194 | D:2      | Noticed Crazy Yiuf
   301 | D:1      | Gained mutation: You regenerate magic rapidly. [demonic
                  | ancestry]
   301 | D:1      | Reached XP level 2. HP: 22/24 MP: 2/2
   473 | D:1      | Gained mutation: Your demonic aura sometimes causes spilled
                  | blood to erupt in flames. [demonic ancestry]
   473 | D:1      | Reached XP level 3. HP: 25/29 MP: 3/3
   479 | D:1      | Reached skill level 1 in Armour
   973 | D:1      | Reached skill level 1 in Evocations
  1065 | D:2      | Noticed Robin
  1077 | D:2      | HP: 1/29 [goblin/+0 club[Robin] (6)]
  1229 | D:2      | Reached XP level 4. HP: 17/35 MP: 4/4
  1362 | D:2      | Killed Robin
  1483 | D:2      | Found a faded altar of an unknown god.
  1620 | D:2      | Identified the +1 robe of Vufairol {Rampage Dex+4}
  1857 | D:2      | Reached skill level 5 in Stealth
  2146 | D:2      | Killed Crazy Yiuf
  2147 | D:2      | Reached XP level 5. HP: 30/42 MP: 5/5
  2789 | D:3      | Found a shadowy altar of Dithmenos.
  3100 | D:4      | Found a transporter.
  3234 | D:4      | Noticed Blork the orc
  3242 | D:4      | HP: 1/42 [poisoned by Blork the orc]
  3437 | D:4      | Found a transporter.
  3517 | D:4      | Reached skill level 4 in Fighting
  3517 | D:4      | Gained mutation: Your demonic aura often causes spilled
                  | blood to erupt in flames. [demonic ancestry]
  3517 | D:4      | Reached XP level 6. HP: 48/48 MP: 6/6
  3721 | D:4      | Killed Blork the orc
  3722 | D:4      | Reached skill level 1 in Throwing
  4221 | D:4      | Reached XP level 7. HP: 55/55 MP: 7/7
  4260 | D:5      | Found an ornate altar of the Wu Jian Council.
  4639 | D:5      | Identified the +1 robe of Agoraphobia {rF+ rC++ SInv}
  4754 | D:5      | Noticed Duvessa
  4812 | D:5      | Killed Duvessa
  4813 | D:5      | Noticed Dowan
  4913 | D:5      | Found a staircase to the Ecumenical Temple.
  4923 | Temple   | Entered the Ecumenical Temple
  5039 | Temple   | Became a worshipper of Hepliaklqana the Forgotten
  5180 | D:5      | Reached skill level 1 in Invocations
  5180 | D:5      | Reached XP level 8. HP: 61/61 MP: 8/8
  5203 | D:5      | Reached skill level 5 in Fighting
  5218 | D:5      | Killed Dowan
  5897 | D:6      | Noticed Menkaure
  5900 | D:6      | Killed Menkaure
  6077 | D:6      | Noticed Pikel
  6322 | D:6      | Reached XP level 9. HP: 59/68 MP: 11/11
  6358 | D:6      | Reached * piety under Hepliaklqana
  6547 | D:6      | Reached skill level 5 in Dodging
  7235 | D:6      | Found the +4 dagger "Morg" {pain, Will+ Int+5}
  7333 | D:6      | Reached skill level 6 in Fighting
  7428 | D:7      | Reached skill level 5 in Evocations
  7949 | D:7      | Found a sparkling altar of Nemelex Xobeh.
  8472 | D:8      | Reached ** piety under Hepliaklqana
  8473 | D:8      | Remembered your ancestor Paullus as a battlemage
  8477 | D:8      | Reached skill level 5 in Invocations
  8503 | D:8      | Found a blossoming altar of Fedhas.
  8544 | D:8      | Reached skill level 5 in Armour
  8585 | D:8      | Noticed Erica
  8593 | D:8      | Killed Erica
  8594 | D:8      | Reached XP level 10. HP: 49/69 MP: 12/14
  8864 | D:8      | Noticed a green ugly thing
  8871 | D:8      | Killed a green ugly thing
  8872 | D:8      | Reached skill level 5 in Axes
  8907 | D:8      | Identified the +1 plate armour of Cuoblo {Harm Regen+
                  | Dex+6}
  9481 | D:8      | Reached skill level 5 in Throwing
  9484 | D:8      | Noticed a catoblepas
  9500 | D:8      | Killed a catoblepas
  9501 | D:8      | Reached skill level 7 in Fighting
 10373 | D:9      | Found a staircase to the Lair.
 10388 | D:9      | Reached *** piety under Hepliaklqana
 10496 | D:9      | Noticed a two-headed ogre
 10500 | D:9      | Killed a two-headed ogre
 10501 | D:9      | Gained mutation: You have sharp fingernails. [demonic
                  | ancestry]
 10501 | D:9      | Reached XP level 11. HP: 49/75 MP: 11/16
 10636 | D:9      | Identified the ring "Biox" {rF- EV+5 Str+8 Dex-3}
 10790 | D:9      | Found a sacrificial altar of Ru.
 11304 | D:9      | Reached skill level 1 in Shields
 11329 | D:9      | Noticed a two-headed ogre
 11333 | D:9      | Killed a two-headed ogre
 11730 | D:10     | Entered Level 10 of the Dungeon
 11851 | D:10     | Reached skill level 8 in Fighting
 11917 | D:10     | Noticed a two-headed ogre
 11921 | D:10     | Killed a two-headed ogre
 12137 | D:10     | Reached **** piety under Hepliaklqana
 12288 | Lair:1   | Entered Level 1 of the Lair of Beasts
 12525 | Lair:1   | Gained mutation: You have an unusually large brain. (Int
                  | +2) [demonic ancestry]
 12525 | Lair:1   | Reached XP level 12. HP: 84/84 MP: 18/18
 13168 | Lair:2   | Found a staircase to the Snake Pit.
 13427 | Lair:2   | Noticed Gastronok
 13441 | Lair:2   | Killed Gastronok
 13653 | Lair:2   | Reached ***** piety under Hepliaklqana
 14535 | Lair:2   | Reached skill level 9 in Fighting
 14918 | Lair:3   | Noticed a death yak
 14919 | Lair:3   | Noticed a death yak
 14919 | Lair:3   | Noticed a death yak
 14920 | Lair:3   | Noticed a death yak
 14920 | Lair:3   | Noticed a death yak
 14925 | Lair:3   | Killed a death yak
 14931 | Lair:3   | Killed a death yak
 14932 | Lair:3   | Killed a death yak
 14981 | Lair:1   | Gained mutation: You have very sharp fingernails. [demonic
                  | ancestry]
 14981 | Lair:1   | Reached XP level 13. HP: 48/90 MP: 12/19
 15334 | Lair:3   | Found a staircase to the Shoals.
 16051 | Lair:4   | Reached skill level 5 in Shields
 16387 | Lair:4   | Found a viscous altar of Jiyva.
 16387 | Lair:4   | Found a staircase to the Slime Pits.
 16808 | Lair:4   | Found a runed translucent door.
 16809 | Lair:4   | Noticed Egife's ghost (journeyman TrFi)
 17062 | Lair:5   | Entered Level 5 of the Lair of Beasts
 17076 | Lair:5   | Reached skill level 10 in Fighting
 17434 | Lair:5   | Gained mutation: You have claws for hands. [demonic
                  | ancestry]
 17434 | Lair:5   | Reached XP level 14. HP: 93/99 MP: 18/20
 17458 | Lair:5   | Reached ****** piety under Hepliaklqana
 17771 | Lair:4   | Slain by Egife's ghost

Illustrated notes

Levels and vault maps discovered:
D:1:      eino_arrival_cavern_e, layout_basic, dk_noncrumbling_4
D:2:      layout_basic, basic_ecumenical_altar, small_statue_intersection,
          columned_hall_lemuel, minmay_goblin_outpost, uniq_crazy_yiuf_cottage,
          uniq_robin
D:3:      layout_basic, lemuel_crystal_altar
D:4:      gammafunk_steamed_eel, layout_basic, minmay_circle_x,
          uniq_blork_the_orc
D:5:      layout_loops_cross, grunt_temple_overflow_open,
          nicolae_tso_besieged_by_evil, minmay_temple_entry_large_hall,
          uniq_duvessa
D:6:      layout_loops_ring, minmay_misc_feat_tiny, dilly_guarded_unrand_morg,
          uniq_pikel, uniq_menkaure
D:7:      layout_basic, mainiacjoe_overflow_alcove_4
D:8:      layout_basic, mainiacjoe_overflow_catwalk, minmay_misc_feat_square,
          minmay_diamond_spiral, uniq_erica
D:9:      kennysheep_town, serial_shops
D:10:     layout_cave_pools
Temple:   nicolae_temple_superstar
Lair:1:   layout_small_grid
Lair:2:   regret_index_combs_of_tragedy, layout_layer_cave,
          minmay_snake_entry_guardpost_small, uniq_gastronok
Lair:3:   layout_hall_layers, elwin_shoals_entry_rocks
Lair:4:   beast_lair_carwin_large_3, layout_layer_cave,
          minmay_slime_entry_pillars, ebering_ghost_inner_flame
Lair:5:   minmay_lair_end_frog_pond, layout_small_grid

Skill      XL: |  1  2  3  4  5  6  7  8  9 10 11 12 13 14 |
---------------+-------------------------------------------+-----
Dodging        | 2 3 4 5 6 7 8 9 |  9.4
Axes           | 2 3 4 5 6 7 8 |  8.9
Armour         | 1 2 3 4 5 6 7 8 9 |  9.0
Evocations     | 1 2 3 4 5 6 7 8 9 |  9.8
Stealth        | 5 |  5.0
Fighting       | 4 5 6 7 8 9 10 | 10.4
Throwing       | 1 2 3 4 5 6 7 8 |  8.6
Invocations    | 1 3 5 7 8 |  8.0
Shields        | 2 4 6 |  6.4

Action                   |  1- 3 |  4- 6 |  7- 9 | 10-12 | 13-15 || total
-------------------------+-------+-------+-------+-------+-------++-------
Melee: Hand axe          |    17 |       |       |       |       ||    17
       Mace              |    57 |       |       |       |       ||    57
       Dagger            |    38 |    43 |       |       |       ||    81
       Quarterstaff      |       |    79 |       |       |       ||    79
       War axe           |       |     6 |   237 |    99 |       ||   342
       Punch             |       |       |     8 |     2 |       ||    10
       Trident           |       |       |       |   260 |       ||   260
       Broad axe         |       |       |       |    11 |   216 ||   227
Throw: Javelin           |       |     4 |    18 |     8 |     4 ||    34
       Dart              |       |       |       |    11 |    11 ||    22
Invok: Recall Ancestor   |       |       |     2 |       |     2 ||     4
       Ancestor Life: Ba |       |       |     1 |       |       ||     1
Evoke: Wand              |     1 |     3 |     9 |     5 |     1 ||    19
  Use: Scroll            |     1 |     1 |     1 |    18 |     4 ||    25
       Potion            |       |     1 |     3 |     1 |     1 ||     6
 Stab: Sleeping          |     7 |    17 |     7 |     2 |       ||    33
       Paralysed         |       |     1 |       |       |       ||     1
       Distracted        |       |       |     2 |     5 |     7 ||    14
Armor: Leather armour    |    21 |       |    21 |    44 |       ||    86
       Ring mail         |    15 |     6 |       |       |       ||    21
       Animal skin       |       |     5 |       |       |       ||     5
       Robe              |       |    25 |    41 |       |       ||    66
       Plate armour      |       |       |       |   116 |    83 ||   199
Dodge: Dodged            |    73 |    95 |   178 |   289 |   185 ||   820
Block: Kite shield       |       |       |       |   154 |   143 ||   297

Table legend: (Time is in decaauts)
 A = Elapsed time spent in this place.
 B = Non-inter-level travel time spent in this place.
 C = Inter-level travel time spent in this place.
 D = Time resting spent in this place.
 E = Time spent auto-exploring this place.
 F = Levels seen in this place.
 G = Mean time per level.
                   A        B        C        D        E       F      G
               +--------+--------+--------+--------+--------+-----+--------+
         Total |  18115 |  17358 |    757 |   1097 |  12626 |  16 | 1132.2 |
       Dungeon |  12329 |  11729 |    600 |    948 |   8313 |  10 | 1232.9 |
        Temple |    165 |    116 |     49 |      0 |    101 |   1 |  165.0 |
          Lair |   5619 |   5511 |    108 |    148 |   4212 |   5 | 1123.8 |
               +--------+--------+--------+--------+--------+-----+--------+

Top non-repeatable levels by time:
     D:9: 1997 daAuts
  Lair:2: 1812 daAuts
     D:5: 1435 daAuts
     D:6: 1427 daAuts
     D:8: 1419 daAuts
     D:4: 1369 daAuts
  Lair:4: 1328 daAuts
     D:2: 1207 daAuts
     D:3: 1064 daAuts
     D:7: 1018 daAuts
  Lair:1: 988 daAuts
  Lair:3: 889 daAuts
     D:1: 840 daAuts
  Lair:5: 600 daAuts
    D:10: 548 daAuts
